 Dungeon Crawl Stone Soup version 0.22-a0-848-ge9e22a0 (webtiles) character file.

87 Amnesiac the Digger (level 4, -2/30 HPs)
             Began as a Mummy Earth Elementalist on July 26, 2018.
             Slain by Robin
             ... wielding a +0 club
              (6 damage)
             ... on level 2 of the Dungeon.
             The game lasted 00:03:24 (1768 turns).

Amnesiac the Digger (Mummy Earth Elementalist)      Turns: 1768, Time: 00:03:24

Health: -2/30      AC:  2    Str: 11    XL:     4   Next: 28%
Magic:  3/9        EV: 12    Int: 15    God:
Gold:   22         SH:  0    Dex: 12    Spells: 0/10 levels left

rFire    x . .     SeeInvis .   a - +2 dagger (drain)
rCold    + . .     Gourm    .   (no shield)
rNeg     + + +     Faith    .   c - +0 robe
rPois    ∞         Spirit   .   (no helmet)
rElec    .         Reflect  .   (no cloak)
rCorr    .         Harm     .   (no gloves)
MR       .....                  (no boots)
Stlth    ++........             (no amulet)
HPRegen  0.10/turn              (no ring)
MPRegen  0.11/turn              (no ring)

@: no status effects
A: no food or potions, fire vulnerability, cold resistance 1, negative energy
resistance 3, torment resistance, unbreathing
a: no special abilities


You were on level 2 of the Dungeon.
You were not hungry.

You visited 1 branch of the dungeon, and saw 3 of its levels.

You collected 22 gold pieces.

Inventory:

Hand Weapons
 a - a +2 dagger of draining (weapon)
 f - a +2 short sword of venom
Missiles
 g - 22 stones (quivered)
Armour
 c - a +0 robe (worn)
Scrolls
 b - a scroll of magic mapping {!r, unknown}
 i - a scroll of teleportation {!r, unknown}


   Skills:
 - Level 1.5 Dodging
 - Level 1.5 Stealth
 + Level 3.7 Spellcasting
 - Level 0.7 Transmutations
 * Level 3.8 Earth Magic


You couldn't memorise any spells.
You knew the following spells:

 Your Spells              Type           Power        Failure   Level  Hunger
a - Sandblast             Erth           ##....       3%          1    N/A
b - Passwall              Tmut/Erth      #.......     11%         2    N/A
c - Stone Arrow           Conj/Erth      #.....       26%         3    N/A
e - Petrify               Tmut/Erth      #.......     58%         4    N/A

Your spell library contained the following spells:

 Spells                   Type           Power        Failure   Level  Hunger
 Lee's Rapid Deconstruct  Erth           ##........   71%         5    N/A

Dungeon Overview and Level Annotations

Branches:
Dungeon (3/15)

Altars:
Gozag
Zin

Annotations:
D:2 Robin


Innate Abilities, Weirdness & Mutations

You do not eat or drink.
Your flesh is vulnerable to fire.
You are immune to poison.
Your flesh is cold resistant. (rC+)
You are immune to negative energy. (rN+++)
You are immune to unholy pain and torment.
You can survive without breathing.


Message History

The blast of sand hits the adder.
The adder is almost dead.
g - 27 stones The adder bites you but does no damage.
The goblin closely misses you. The adder closely misses you.
Casting: Sandblast (safe; 4% risk of failure)
Confirm with . or Enter, or press ? or * to list all spells.
Aiming: Sandblast (safe; 4% risk of failure)
Press: ? - help, Shift-Dir - straight line, f - goblin, p - adder
Aim: a goblin (unusually strong)
The blast of sand misses the goblin.
g - 26 stones The adder barely misses you.
The goblin barely misses you.
Unknown command.
Casting: Sandblast (safe; 4% risk of failure)
Confirm with . or Enter, or press ? or * to list all spells.
Aiming: Sandblast (safe; 4% risk of failure)
Press: ? - help, Shift-Dir - straight line, f/p - goblin
Aim: a goblin (unusually strong)
The blast of sand hits the goblin.
You kill the goblin!
g - 25 stones The adder bites you but does no damage.
Unknown command.
Unknown command.
Casting: Sandblast (safe; 4% risk of failure)
Confirm with . or Enter, or press ? or * to list all spells.
Aiming: Sandblast (safe; 4% risk of failure)
Press: ? - help, Shift-Dir - straight line, f - adder
Aim: an adder (almost dead)
The blast of sand hits the adder.
You kill the adder!
g - 24 stones Unknown command.
Unknown command.
Casting: Sandblast (safe; 3% risk of failure)
Confirm with . or Enter, or press ? or * to list all spells.
Aiming: Sandblast (safe; 3% risk of failure)
Press: ? - help, Shift-Dir - straight line, f - Robin
Aim: Robin, wielding a club, wearing an animal skin and wearing a helmet (lightly wounded, heavily drained)
The blast of sand hits Robin.
Robin is moderately wounded.
g - 23 stones Robin hits you with a club.
* * * LOW HITPOINT WARNING * * *
Unknown command.
Unknown command.
Things that are here:
an uncursed hunting sling; 19 stones You hit Robin.
Robin is moderately wounded.
Robin hits you with a club.
* * * LOW HITPOINT WARNING * * *
Unknown command.
Casting: Sandblast (safe; 3% risk of failure)
Confirm with . or Enter, or press ? or * to list all spells.
Aiming: Sandblast (safe; 3% risk of failure)
Press: ? - help, Shift-Dir - straight line, f/p - Robin
Aim: Robin, wielding a club, wearing an animal skin and wearing a helmet (moderately wounded, heavily drained)
The blast of sand hits Robin.
Robin is severely wounded.
g - 22 stones Robin hits you with a club.
You die...

##.####.........#
##......<..#.....#
#.....##..####...#
#.##....##..##.#...#
#..........†.##.#..#
#####.#.###)####...#
#.#.# #........## #
##+#.#####.##....## #
##...†...g@.##.....# .
##.....########....## ##
##.....(.## #..#.##
.####.....)...####...###
....'.....†>).'.........
.####......)..#.##...##.
## ##.......##.###...# #
##.....###.# #.#.# #
##...## #.# #


You could see Robin.

Vanquished Creatures
  3 adders (D:2)
  2 worms (D:2)
  A dart slug (D:1)
  2 leopard geckos
  6 bats (D:2)
  2 giant cockroaches (D:2)
  9 goblins (D:2)
  8 hobgoblins
  3 jackals (D:2)
  A quokka (D:2)
  A ball python (D:2)
  3 frilled lizards (D:2)
  3 kobolds
  2 rats (D:2)
46 creatures vanquished.

Notes
Turn   | Place    | Note
-------+----------+-------------------------------------------
     0 | D:1      | Amnesiac the Mummy Earth Elementalist began the quest for the Orb.
     0 | D:1      | Reached XP level 1. HP: 13/13 MP: 4/4
   375 | D:2      | Reached XP level 2. HP: 19/19 MP: 5/5
   387 | D:2      | Learned a level 2 spell: Passwall
   476 | D:2      | Found an opulent altar of Gozag.
   803 | D:2      | Reached XP level 3. HP: 24/24 MP: 1/7
   912 | D:2      | Found a glowing silver altar of Zin.
  1203 | D:3      | Noticed Robin
  1553 | D:2      | Reached XP level 4. HP: 30/30 MP: 3/9
  1564 | D:2      | Learned a level 3 spell: Stone Arrow
  1569 | D:2      | Learned a level 4 spell: Petrify
  1768 | D:2      | Slain by Robin

Vault maps used:
D:1:      shiori_arrival_oz, minmay_pentomino_v2
D:2:      kennysheep_big_flooded_room, zin_academy,
          nicolae_overflow_crystal_walls, lemuel_crystal_altar, corexii_shack,
          minmay_misc_feat_more_columns, minmay_misc_feat_square
D:3:      grunt_dithmenos_smoke_and_mirrors, uniq_crazy_yiuf_cottage, uniq_robin

Skill      XL: |  1  2 |
---------------+-------+-----
Spellcasting   | 3 |  3.7
Earth Magic    | 3 |  3.8
Dodging        | |  1.5
Stealth        | |  1.5
Transmutations | |  0.7

Action                   |  1- 3 |  4- 6 || total
-------------------------+-------+-------++-------
Melee: Short sword       |    27 |       ||    27
       Unarmed           |     4 |       ||     4
       Dagger            |    37 |     9 ||    46
 Fire: Hunting sling     |     9 |       ||     9
 Cast: Sandblast         |    40 |    14 ||    54
       Passwall          |     1 |       ||     1
  Use: Scroll            |     2 |       ||     2
 Stab: Sleeping          |     3 |       ||     3
Armor: Robe              |    28 |     8 ||    36
Dodge: Dodged            |    96 |    42 ||   138

Table legend:
 A = Spawn XP
 B = Non-spawn XP
 C = Spawn XP percentage of total XP
 D = Spawn monster count
 E = Non-spawn monster count
 F = Spawn count percentage of total count
 G = Total turns spent on level
                    A         B        C        D         E        F      G
               +---------+---------+-------+---------+---------+-------+---------
         Total |       0 |     125 |   0.0 |       0 |      46 |   0.0 |  1768
               +---------+---------+-------+---------+---------+-------+---------
           D:1 |       0 |      10 |   0.0 |       0 |       4 |   0.0 |   360
           D:2 |       0 |     115 |   0.0 |       0 |      42 |   0.0 |  1394
               +---------+---------+-------+---------+---------+-------+---------
